 Dungeon Crawl Stone Soup version 0.29-a0-96-g93358da72b (webtiles) character file.

Game seed: 11286561578298188171

268 Dordric the Stinger (level 6, 0/36 HPs)
             Began as an Octopode Venom Mage on Feb 11, 2022.
             Slain by a two-headed ogre (23 damage)
             ... on level 4 of the Dungeon.
             The game lasted 00:09:32 (6370 turns).

Dordric the Stinger (Octopode Venom Mage)           Turns: 6370, Time: 00:09:33

Health: 0/36       AC:  1    Str:  8    XL:     6   Next: 21%
Magic:  8/12       EV: 13    Int: 19    God:
Gold:   55         SH:  0    Dex: 12    Spells: 6/13 levels left

rFire   . . .      SeeInvis .   (no weapon)
rCold   . . .      Faith    .   (no shield)
rNeg    . . .      Spirit   .   (helmet restricted)
rPois   .          Reflect  .   (no amulet)
rElec   .          Harm     .   (no ring)
rCorr   .          Rampage  .   (no ring)
Will    .....                   (no ring)
Stlth   +++.......              (no ring)
HPRegen 0.12/turn               (no ring)
MPRegen 0.13/turn               (no ring)
                                (no ring)
                                (no ring)

@: no status effects
A: almost no armour, amphibious, 8 rings, camouflage 1, gelatinous body 1,
(nimble swimmer 1), tentacles
a: no special abilities


You were on level 4 of the Dungeon.
You visited 1 branch of the dungeon, and saw 5 of its levels.

You collected 151 gold pieces.
You spent 96 gold pieces at shops.

Inventory:

Wands
 f - a wand of digging (5)
 j - a wand of iceblast (7)
Scrolls
 e - a scroll of summoning
 g - a scroll of noise {unknown}
 h - a scroll of immolation
 i - a scroll of enchant weapon {unknown}
 l - 2 scrolls of torment
 m - a scroll of amnesia {unknown}
Potions
 a - a potion of flight {unknown}
 b - 2 potions of mutation
 c - a potion of lignification {unknown}
 d - a potion of berserk rage {unknown}
 k - a potion of attraction {unknown}
 n - a potion of heal wounds {unknown}


   Skills:
 - Level 2.0 Dodging
 - Level 2.6 Stealth
 + Level 4.3 Spellcasting
 - Level 1.0 Transmutations
 + Level 6.3 Poison Magic


You had 6 spell levels left.
You knew the following spells:

 Your Spells              Type           Power      Damage    Failure   Level
a - Sting                 Tmut/Pois      72%        1d6       3%          1
b - Poisonous Vapours     Pois/Air       32%        N/A       5%          2
c - Olgreb's Toxic Radia  Pois           28%        N/A       10%         4

Your spell library contained the following spells:

 Spells                   Type           Power      Damage    Failure   Level
 Spider Form              Tmut/Pois      18%        N/A       9%          3
 Freeze                   Ice            16%        1d4       13%         1
 Ignite Poison            Fire/Tmut/Pois 13%        N/A       14%         3
 Mephitic Cloud           Conj/Pois/Air  12%        N/A       17%         3
 Ensorcelled Hibernation  Hex/Ice        8%         N/A       21%         2
 Scorch                   Fire           8%         2d5       21%         2
 Conjure Flame            Conj/Fire      4%         6-21      36%         3
 Dazzling Flash           Conj/Hex       8%         N/A       36%         3
 Frozen Ramparts          Ice            8%         1d2       36%         3
 Ozocubu's Armour         Ice            4%         N/A       36%         3
 Anguish                  Hex/Necr       2%         N/A       78%         4
 Flame Wave               Conj/Fire      4%         2d5       78%         4
 Hailstorm                Conj/Ice       4%         3d4       78%         4
 Iskenderun's Mystic Bla  Conj/Tloc      4%         2d3       78%         4
 Sticky Flame             Conj/Fire      4%         2d3       78%         4
 Agony                    Necr           4%         N/A       98%         5
 Metabolic Englaciation   Hex/Ice        2%         N/A       98%         5
 Silence                  Hex/Air        2%         N/A       98%         5
 Starburst                Conj/Fire      2%         6d3       100%        6
 Summon Cactus Giant      Summ           2%         N/A       100%        6
 Disjunction              Tloc           2%         N/A       100%        8


Dungeon Overview and Level Annotations

Branches:
Dungeon (5/15)
 Temple: D:4-7

Altars:
Ru
Xom

Shops:
D:3 **=*


Innate Abilities, Weirdness & Mutations

You cannot wear most types of armour.
You are amphibious.
You can wear up to eight rings at the same time.
Your skin changes colour to match your surroundings (Stealth+).
Your rubbery body absorbs attacks. (AC +1, EV +1)
((You are camouflaged when in or above water. (Stealth+)))
You have tentacles for arms and can constrict up to eight enemies at once.


Message History

You climb downwards.
There is a stone staircase leading up here.
A two-headed ogre comes into view. It is wielding two +0 giant clubs.
A two-headed ogre is nearby!
Casting: Sting (safe; 3% risk of failure)
Confirm with . or Enter, or press ? or * to list all spells.
Aiming: Poisonous Vapours (safe; 5% risk of failure)
Press: ? - help, Dir - move target, f - two-headed ogre
Aim: a two-headed ogre, wielding two +0 giant clubs (asleep) Poisonous vapours surround the two-headed ogre!
The two-headed ogre is poisoned.
The two-headed ogre shouts in stereo!
A necrophage comes into view.
Casting: Poisonous Vapours (safe; 5% risk of failure)
Confirm with . or Enter, or press ? or * to list all spells.
Aiming: Poisonous Vapours (safe; 5% risk of failure)
Press: ? - help, Dir - move target, f/p - two-headed ogre
Aim: a two-headed ogre, wielding two +0 giant clubs (lightly wounded, poisoned) Poisonous vapours surround the two-headed ogre!
The two-headed ogre looks even sicker.
Casting: Poisonous Vapours (safe; 5% risk of failure)
Confirm with . or Enter, or press ? or * to list all spells.
Aiming: Poisonous Vapours (safe; 5% risk of failure)
Press: ? - help, Dir - move target, f/p - two-headed ogre
Aim: a two-headed ogre, wielding two +0 giant clubs (lightly wounded, very poisoned) Poisonous vapours surround the two-headed ogre!
The two-headed ogre looks even sicker.
There is a stone staircase leading up here.
The two-headed ogre closely misses you.
The two-headed ogre hits you with a +0 giant club.
You climb upwards.
There is a stone staircase leading down here.
A two-headed ogre is nearby!
The two-headed ogre closely misses you.
The two-headed ogre hits you with a +0 giant club!
There is an open door here.
You see here 5 large rocks.
The two-headed ogre hits you with a +0 giant club!!
Ouch! That really hurt!
You die...

#............#....# #......
##..###...<.##...######## #......
#######.....##...#..#...#######'#
.....#.......#...........# #...
.....#.......#...........# #...
.....'.......#........>..# #...
######..##..##'###.##############
...####'##..##.O#####..#.........
...#...........(@......#.....<...
...#...................'.........
...#...................#.........
...#.##.##..##..########......)..
####'##.##..##..##..........#####
.................#..........#....
.......(.........#..........#....
.................#..........#....
.....##.##..######..........#.##.


You could see a two-headed ogre (poisoned).

Vanquished Creatures
  A hound (D:4)
  Jessica (D:3)
  Natasha (thrice) (D:3)
  An orc wizard (D:3)
  5 adders
  2 adder skeletons (D:4)
  An orc (D:3)
  9 ball pythons
  5 bats
  7 endoplasms
  5 giant cockroaches
  5 goblins
  5 hobgoblins
  5 kobolds
  4 quokkas
  2 frilled lizards (D:2)
  2 rats
63 creatures vanquished.

Notes
Turn   | Place    | Note
-------+----------+-------------------------------------------
     0 | D:1      | Dordric the Octopode Venom Mage began the quest for the
                  | Orb.
     0 | D:1      | Reached XP level 1. HP: 11/11 MP: 3/3
   376 | D:1      | Reached skill level 4 in Poison Magic
   376 | D:1      | Reached XP level 2. HP: 17/17 MP: 3/5
   379 | D:1      | Learned a level 2 spell: Poisonous Vapours
   707 | D:1      | Got the Handbook of Icy Displacement
  1189 | D:2      | Reached XP level 3. HP: 18/21 MP: 2/7
  2565 | D:2      | Found a faded altar of an unknown god.
  2794 | D:2      | Reached XP level 4. HP: 18/27 MP: 2/8
  2932 | D:2      | Learned a level 4 spell: Olgreb's Toxic Radiance
  3075 | D:3      | Noticed Jessica
  3083 | D:3      | Killed Jessica
  3084 | D:3      | Reached skill level 5 in Poison Magic
  3282 | D:3      | Noticed Natasha
  3293 | D:3      | Killed Natasha
  3294 | D:3      | Reached XP level 5. HP: 24/31 MP: 2/10
  3353 | D:3      | Noticed Natasha
  3364 | D:3      | Killed Natasha
  3370 | D:3      | Noticed Natasha
  3633 | D:3      | Killed Natasha
  3739 | D:3      | Found Vock's Jewellery Boutique.
  3888 | D:3      | Found a sacrificial altar of Ru.
  4107 | D:3      | Found Eddukk's Assorted Antiques.
  4115 | D:3      | Bought a worn bone wand for 96 gold pieces
  4210 | D:3      | Found a shimmering altar of Xom.
  4215 | D:3      | Found Owob's Assorted Antiques.
  4248 | D:3      | Reached skill level 6 in Poison Magic
  4850 | D:3      | Found Tiyceje's General Store.
  4955 | D:4      | Reached XP level 6. HP: 34/36 MP: 4/12
  6344 | D:5      | Entered Level 5 of the Dungeon
  6349 | D:5      | Noticed a two-headed ogre
  6350 | D:5      | Noticed a necrophage
  6370 | D:4      | Slain by a two-headed ogre

Illustrated notes

Levels and vault maps discovered:
D:1:      onia_arrival_mini_spirals, layout_basic
D:2:      layout_loops_cross, ebering_ecumenical_altar_abandoned
D:3:      layout_basic, xom_teletrap_fun, nicolae_ru_great_annihilating_truth,
          portal_sewer_entry_f, serial_shops, shop_statue,
          nicolae_shop_overgrown_old_shop, shop, nicolae_shop_hallway_stairs,
          uniq_jessica, uniq_natasha
D:4:      layout_gridville
D:5:      layout_basic, mainiacjoe_overflow_surrounded_room, corner_web_ring,
          saegor_snake_ambush

Skill      XL: |  1  2  3  4  5 |
---------------+----------------+-----
Poison Magic   | 4 5 6 |  6.3
Spellcasting   | 3 4 |  4.3
Dodging        | |  2.0
Stealth        | |  2.6
Transmutations | |  1.0

Action                   |  1- 3 |  4- 6 || total
-------------------------+-------+-------++-------
Melee: Unarmed           |    15 |    16 ||    31
       Constrict         |     4 |     5 ||     9
       Tentacles         |     1 |     8 ||     9
       Punch             |     1 |       ||     1
 Cast: Sting             |    18 |     9 ||    27
       Poisonous Vapours |    38 |    67 ||   105
  Use: Scroll            |       |     4 ||     4
 Stab: Sleeping          |     1 |     1 ||     2
       Paralysed         |       |     3 ||     3
Armor: Skin              |     4 |     3 ||     7
Dodge: Dodged            |    25 |    29 ||    54

Table legend: (Time is in decaauts)
 A = Elapsed time spent in this place.
 B = Non-inter-level travel time spent in this place.
 C = Inter-level travel time spent in this place.
 D = Time resting spent in this place.
 E = Time spent auto-exploring this place.
 F = Levels seen in this place.
 G = Mean time per level.
                   A        B        C        D        E       F      G
               +--------+--------+--------+--------+--------+-----+--------+
         Total |   6382 |   6290 |     92 |      0 |   5468 |   5 | 1276.4 |
       Dungeon |   6382 |   6290 |     92 |      0 |   5468 |   5 | 1276.4 |
               +--------+--------+--------+--------+--------+-----+--------+

Top non-repeatable levels by time:
     D:2: 2228 daAuts
     D:3: 1625 daAuts
     D:4: 1464 daAuts
     D:1: 1050 daAuts
     D:5: 14 daAuts
